 Dungeon Crawl Stone Soup version 0.31.0-32-g396128a36d (webtiles) character file.

Game seed: 11349348829647577725

372597 Linnx the Wrestler (level 21, -16/196 (201) HPs)
             Began as a Red Draconian Shapeshifter on Feb 26, 2024.
             Was the Champion of Qazlal.
             Demolished by a vault warden
             ... wielding a +2 heavy great mace
              (41 damage)
             ... on level 5 of the Vaults on Apr 14, 2024.
             The game lasted 03:41:48 (35911 turns).

Linnx the Wrestler (Red Draconian Shapeshifter)    Turns: 35911, Time: 03:41:49

HP:   -16/196 (201) AC: 14    Str: 32    XL:     21   Next: 38%
MP:   8/32          EV:  9    Int: 11    God:    Qazlal [******]
Gold: 2582          SH: 36    Dex: 10    Spells: 20/20 levels left

rFire   + +          +
                       - Unarmed
rCold   + + +        U - +10 tower shield of Ignorance {rN+ Int-4}
rNeg    + . .        (body armour unavailable)
rPois   +            c - +3 crown of Dyrovepreva {rElec Int+2 SInv}
rElec   +            v - +0 cloak of Action {rF+ rCorr}
rCorr   +            C - +0 pair of gloves "Giogeaj" {rF+}
SInv    +            B - +2 pair of boots
Will    ++...        V - amulet of Fyluo {-Cast *Corrode rPois rC+++ Regen+}
Stlth   +            n - +6 ring of strength
HPRegen 1.32/turn    J - ring of willpower
MPRegen 0.23/turn

%: no spellcasting, corrode self (3%), repel missiles
@: maw-form, protected from physical damage, corroded, constricted, lightly
drained
A: devouring maw, breathe fire, AC +11, unfitting armour, fire resistance 1,
cold-blooded
}: 3/15 runes: decaying, serpentine, abyssal
a: Breathe Fire, Begin Untransformation, Renounce Religion, Upheaval, Elemental
Force, Disaster Area


You were on level 5 of the Vaults.
You worshipped Qazlal.
Qazlal was exalted by your worship.
You were a creature with a mouth for a stomach.
You visited 8 branches of the dungeon, and saw 38 of its levels.
You visited the Abyss 1 time.
You also visited: Bailey and Volcano.

You collected 4209 gold pieces.
You spent 1627 gold pieces at shops.

Inventory:

Missiles
 o - 49 boomerangs
 u - 8 poisoned darts (quivered)
 z - 3 throwing nets
 N - 15 curare-tipped darts
Armour
 c - the +3 crown of Dyrovepreva (worn) {rElec Int+2 SInv}
   (You bought it in a shop on level 3 of the Snake Pit)

   Int+2:     It affects your intelligence (+2).
   rElec:     It insulates you from electricity.
   SInv:      It lets you see invisible.
 v - the +0 cloak of Action (worn) {rF+ rCorr}
   (You bought it in a shop on level 2 of the Elven Halls)

   rF+:       It protects you from fire.
   rCorr:     It protects you from acid and corrosion.
 B - a +2 pair of boots (worn)
 C - the +0 pair of gloves "Giogeaj" (worn) {rF+}
   (You acquired it on level 7 of the Dungeon)

   rF+:       It protects you from fire.
 U - the +10 tower shield of Ignorance (worn) {rN+ Int-4}
   (You found it on level 10 of the Dungeon)

   Int-4:     It affects your intelligence (-4).
   rN+:       It protects you from negative energy.
Jewellery
 n - a +6 ring of strength (left hand)
 D - the ring "Fety" {Fly rElec rCorr Dex+3}
   (You acquired it on level 1 of the Snake Pit)

   [ring of flight]

   Dex+3:     It affects your dexterity (+3).
   rElec:     It insulates you from electricity.
   Fly:       It grants you flight.
   rCorr:     It protects you from acid and corrosion.
 H - a +6 ring of strength
 I - a +5 ring of evasion
 J - a ring of willpower (right hand)
 V - the amulet of Fyluo (around neck) {-Cast *Corrode rPois rC+++ Regen+}
   (You found it on level 5 of the Lair of Beasts)

   [amulet of regeneration]

   rC+++:     It renders you almost immune to cold.
   rPois:     It protects you from poison -Cast: It prevents spellcasting.
   Regen+:    It increases your rate of health regeneration.
   *Corrode:  It may corrode you when you take damage.
Talismans
 E - a maw talisman (active)
Wands
 t - a wand of digging (5)
 w - a wand of polymorph (28)
 G - a wand of flame (71)
 L - a wand of mindburst (52)
 P - a wand of acid (23)
 Q - a wand of paralysis (38)
 W - a wand of iceblast (30)
Scrolls
 f - 10 scrolls of blinking
 g - a scroll of brand weapon
 h - 6 scrolls of enchant armour
 i - 20 scrolls of teleportation
 p - 5 scrolls of poison
 q - 5 scrolls of fear
 x - 3 scrolls of immolation
 y - a scroll of torment
 F - 5 scrolls of noise
 K - 2 scrolls of silence
 M - 2 scrolls of fog
 O - 6 scrolls of vulnerability
 T - 4 scrolls of summoning
 Y - 3 scrolls of revelation
Potions
 a - 3 potions of magic
 e - 5 potions of resistance
 j - 14 potions of haste
 k - 5 potions of might
 l - 6 potions of enlightenment
 m - 5 potions of berserk rage
 r - 6 potions of heal wounds
 s - 8 potions of mutation
 A - 13 potions of curing
 R - 3 potions of invisibility
 X - 4 potions of cancellation
 Z - 6 potions of attraction
Miscellaneous
 b - a lightning rod (4/4)
 d - a phantom mirror
 S - a box of beasts


   Skills:
 - Level 20.0 Fighting
 - Level 4.0 Dodging
 - Level 2.0 Stealth
 - Level 16.0 Shields
 - Level 22.0 Unarmed Combat
 - Level 15.0 Invocations
 - Level 10.0 Evocations
 + Level 17.4 Shapeshifting


You had 20 spell levels left.
You didn't know any spells.
Your spell library contained the following spells:

 Spells                   Type           Power      Damage    Failure   Level
 Foxfire                  Conj/Fire      0%         2x1d4     54%         1
 Freeze                   Ice            0%         1d3       54%         1
 Summon Small Mammal      Summ           0%         N/A       54%         1
 Cigotuvi's Dreadful Rot  Necr/Alch/Air  0%         N/A       69%         2
 Jinxbite                 Hex            0%         N/A       69%         2
 Mercury Vapours          Alch/Air       0%         N/A       69%         2
 Call Canine Familiar     Summ           0%         N/A       89%         3
 Dazzling Flash           Conj/Hex       0%         N/A       89%         3
 Frozen Ramparts          Ice            0%         1d1       89%         3
 Hailstorm                Conj/Ice       0%         3d5       89%         3
 Mephitic Cloud           Conj/Alch/Air  0%         N/A       89%         3
 Ozocubu's Armour         Ice            0%         N/A       89%         3
 Tukima's Dance           Hex            0%         N/A       89%         3
 Cause Fear               Hex            0%         N/A       100%        4
 Dimensional Bullseye     Hex/Tloc       0%         N/A       100%        4
 Ignite Poison            Fire/Alch      0%         N/A       100%        4
 Iskenderun's Mystic Bla  Conj/Tloc      0%         2d3       100%        4
 Sticky Flame             Fire/Alch      0%         2d4       100%        4
 Vhi's Electric Charge    Tloc/Air       0%         N/A       100%        4
 Alistair's Intoxication  Alch           0%         N/A       100%        5
 Arcjolt                  Conj/Air       0%         1d10      100%        5
 Borgnjor's Vile Clutch   Necr/Erth      0%         N/A       100%        5
 Curse of Agony           Necr           0%         N/A       100%        5
 Fireball                 Conj/Fire      0%         3d3       100%        5
 Freezing Cloud           Conj/Ice/Air   0%         6-21      100%        5
 Metabolic Englaciation   Hex/Ice        0%         N/A       100%        5
 Silence                  Hex/Air        0%         N/A       100%        5
 Yara's Violent Unravell  Hex/Alch       0%         3d3       100%        5
 Eringya's Noxious Bog    Alch           0%         4d6       100%        6
 Plasma Beam              Fire/Air       0%         2x1d10    100%        6
 Sculpt Simulacrum        Ice/Alch       0%         N/A       100%        6
 Starburst                Conj/Fire      0%         6d3       100%        6
 Enfeeble                 Hex            0%         N/A       100%        7
 Malign Gateway           Summ/Tloc      0%         N/A       100%        7
 Summon Hydra             Summ           0%         N/A       100%        7
 Ignition                 Fire           0%         3d3       100%        8
 Dragon's Call            Summ           0%         N/A       100%        9


Dungeon Overview and Level Annotations

Branches:
Dungeon (15/15)            Temple (1/1) D:4            Lair (5/5) D:11
  Swamp (4/4) Lair:3        Snake (4/4) Lair:2        Slime (0/5) Lair:4
    Orc (2/2) D:12            Elf (2/3) Orc:2        Vaults (5/5) D:13
  Crypt (0/3) Vaults:3     Depths (0/4) D:15         Bailey (visited)
Volcano (visited)

Altars:
Ashenzari
Cheibriados
Dithmenos
Elyvilon
Fedhas
Gozag
Hepliaklqana
Kikubaaqudgha
Makhleb
Nemelex Xobeh
Okawaru
Qazlal
Ru
Sif Muna
Trog
Uskayaw
Vehumet
Wu Jian
Xom
Yredelemnul
Zin
The Shining One

Shops:
D:2 ?   D:7 :   D:9 ((   Orc:2 *((:   Elf:1 [   Elf:2 *[?[[   Snake:3 (=?[
Snake:4 *:*   Vaults:2 *

Annotations:
D:10 1 runed translucent door, exclusion: 4 orange crystal statues


Innate Abilities, Weirdness & Mutations

You are a creature with a mouth for a stomach.
Your midsection houses a second, enormous mouth.
You can breathe blasts of fire.
Your fiery red scales are hard. (AC +11)
You cannot fit into any form of body armour.
Your flesh is heat resistant. (rF+)
You are cold-blooded and may be slowed by cold attacks.


Message History

The deep elf high priest begins emitting a brilliant aura!
The ironbound preserver is empowered by the deep elf high priest's aura! x2
The ancient lich is empowered by the deep elf high priest's aura!
The ironbound preserver is empowered by the deep elf high priest's aura!
The vault guard hits you with a +1 long sword of draining!
* * * LOW HITPOINT WARNING * * *
You partially resist.
You feel drained.
* * * LOW HITPOINT WARNING * * *
Okay, then.
Unknown command.
Blink to where?
Press: ? - help, Dir - move target, f - you
Okay, then.
Unknown command.
You feel much better.
You hear a shout!
A quicksilver dragon comes into view.
You block the hell knight's attack.
A yaktaur captain comes into view.
The ironbound preserver is engulfed in freezing vapours.
The ironbound preserver mumbles some strange words.
The ironbound preserver begins to accept its allies' injuries.
The tentacled monstrosity is engulfed in a thunderstorm.
You block the tentacled monstrosity's attack.
The tentacled monstrosity tentacle-slaps you.
* * * LOW HITPOINT WARNING * * *
Your corrosive artefact corrodes you!
You block the tentacled monstrosity's attack.
The tentacled monstrosity constricts you!
* * * LOW HITPOINT WARNING * * *
The ironbound preserver mumbles some strange words.
The ironbound preserver begins to accept its allies' injuries.
You block the tentacled monstrosity's attack.
The tentacled monstrosity tentacle-slaps you but does no damage.
The tentacled monstrosity tentacle-slaps you.
* * * LOW HITPOINT WARNING * * *
A hell knight comes into view. It is wielding a +4 great mace.
The vault warden is engulfed in blazing flames.
The vault warden hits you with a +2 heavy great mace!!!
You die...

#ec#....#
##..#....###D
pT.#....#Q.#
CLT.≈.....#
#####pTc...≈.##
....p°Xppp.....
...(≈ppppp.....
.....pXWpep....
...?.pXppp.....
###..ppDpp...##
#..p.....≈W..
#........#.##
pp.###....# #
.... #....# ...
#....#


You could see 3 tentacled monstrosities, 3 ironbound preservers, an ancient lich
(empowered, sheltered), a storm dragon (sheltered), a quicksilver dragon, a
vault warden (sheltered), a tengu reaver (repels missiles, sheltered), 2 yaktaur
captains, 15 vault guards, an ettin (sheltered), 6 hell knights, a deep elf
sorcerer (fast, sheltered), 3 deep trolls, a deep elf high priest (brilliance
aura, sheltered) and a phantasmal warrior (sheltered).

Vanquished Creatures
  Saint Roka (Snake:3)
  Margery (Vaults:4)
  Norris (Vaults:2)
  A tentacled monstrosity (Swamp:3)
  A hellephant (Vaults:4)
  Jorgrun (Orc:2)
  A Hell Sentinel (Abyss:3)
  The ghost of Derpydoo the Warrior, an adept MiHu of Okawaru (Snake:4)
  A sphinx (Vaults:2)
  An Executioner (Abyss:3)
  Frances (D:12)
  3 nagarajas
  5 tentacled starspawn (Abyss:3)
  A thorn hunter (Swamp:4)
  Aizul (Snake:4)
  2 fire giants
  A fenstrider witch (Swamp:4)
  10 vault wardens
  The ghost of Purphixowk the Carver, a journeyman DsGl of Makhleb (D:15)
  2 ghouls (Swamp:2)
  2 orc warlords
  16 ironbound preservers
  2 cacodemons (Abyss:3)
  A stone giant (Vaults:2)
  8 ironbound thunderhulks
  4 eleionomae
  2 formless jellyfish
  5 very ugly things
  The ghost of LoggersVIII the Covert, a journeyman OpEE (Orc:1)
  3 bunyips
  16 dire elephants
  A deep elf annihilator (Vaults:1)
  A red draconian (Volcano)
  3 war gargoyles
  The ghost of lordive the Basher, a journeyman MiMo of Okawaru (Orc:2)
  An ettin (Vaults:2)
  7 yaktaur captains
  6 great orbs of eyes
  4 ice dragons (Swamp:4)
  A deep elf high priest (Vaults:4)
  12 hydras
  14 vault guards
  2 salamander tyrants (Snake:4)
  10 alligators
  A peacekeeper (Vaults:3)
  17 centaur warriors
  7 anacondas
  3 ghost crabs
  An ogre mage (Volcano)
  9 ironbound frosthearts
  Erica (D:10)
  2 catoblepae
  6 boulder beetles
  19 dancing weapons
  10 two-headed ogres
  A thrashing horror (Abyss:3)
  4 hell hogs (Abyss:3)
  13 naga warriors
  5 orc high priests
  4 shock serpents
  9 death yaks (Lair:5)
  2 spectral dire elephants (Lair:5)
  3 hell knights (Vaults:4)
  4 wretched stars (Abyss:3)
  16 deep elf knights
  5 naga sharpshooters
  8 spriggans
  Amaemon (Lair:3)
  A salamander mystic (Snake:4)
  2 shadow wraiths
  5 skysharks
  The ghost of bronco the Grave Robber, a novice FoNe (D:8)
  A skyshark (shapeshifter) (Vaults:1)
  7 arcanists
  2 goliath frogs
  4 spriggan druids
  7 glowing orange brains
  A sea snake (shapeshifter) (Vaults:1)
  A mana viper (shapeshifter) (Vaults:1)
  2 flayed ghosts
  A swamp dragon (Swamp:4)
  43 deep trolls
  5 naga ritualists
  7 lindwurms (Vaults:1)
  13 mana vipers
  4 bog bodies
  A harpy (shapeshifter) (Vaults:1)
  12 deep elf archers
  17 ironbound convokers
  A spectral anaconda (Lair:5)
  A lindwurm (shapeshifter) (D:15)
  An obsidian statue (Lair:5)
  An oklob plant (Lair:5)
  5 necromancers
  9 orc knights
  A phantasmal warrior (Vaults:2)
  21 deep elf pyromancers
  18 deep elf zephyrmancers
  3 cyclopes
  A worldbinder (Abyss:3)
  4 orc sorcerers
  A will-o-the-wisp (Swamp:3)
  36 ugly things
  A shining eye (Abyss:3)
  28 elephants
  2 manticores
  2 moths of wrath (Snake:4)
  A stone giant skeleton (Vaults:2)
  A moth of wrath (shapeshifter) (Vaults:4)
  A meliai (shapeshifter) (D:14)
  14 salamanders
  6 large abominations (Abyss:3)
  4 kobold blastminers
  An apocalypse crab (Abyss:3)
  13 starcursed masses (Abyss:3)
  2 guardian serpents
  An orange demon (Lair:3)
  37 black mambas
  18 vault sentinels
  3 smoke demons (Abyss:3)
  A human skeleton (Vaults:2)
  22 naga magi
  A gargoyle (D:13)
  A dire elephant skeleton (Lair:5)
  A rime drake (Lair:2)
  11 cane toads
  10 komodo dragons
  2 efreet
  2 ancient zymes (Abyss:3)
  A tengu conjurer (D:13)
  14 yaktaurs
  10 trolls
  A yaktaur skeleton (Vaults:2)
  6 freezing wraiths
  Grinder (D:4)
  6 tyrant leeches
  5 hornets
  3 polar bears
  7 blink frogs
  A glass eye (Abyss:3)
  5 raiju (Abyss:3)
  2 spectral elephants (Lair:5)
  A stone giant simulacrum (Vaults:2)
  Sigmund (D:2)
  58 slime creatures
  2 air elementals
  4 water elementals
  A yak (shapeshifter) (D:8)
  2 ynoxinuls (Abyss:3)
  4 wraiths
  3 fire elementals (Elf:1)
  3 basilisks
  A vampire (D:13)
  10 wyverns
  66 yaks
  3 golden eyes (Abyss:3)
  3 swamp worm simulacra (Swamp:4)
  7 wargs
  A neqoxec (Abyss:3)
  2 vampire mosquitoes (Swamp:3)
  2 chaos spawn (Abyss:3)
  13 swamp worms
  3 death yak simulacra (Lair:5)
  23 water moccasins
  38 nagas
  12 hydra simulacra (Swamp:4)
  A water moccasin (shapeshifter) (Elf:1)
  A swamp drake (Swamp:2)
  A sky beast (D:8)
  36 orc warriors
  2 ice beasts
  9 laughing skulls
  7 black bears
  An elephant zombie (Lair:5)
  32 small abominations (Abyss:3)
  19 wolves
  A human zombie (Vaults:2)
  11 ogres
  A boggart (D:15)
  4 centaurs
  An elephant skeleton (Lair:5)
  2 phantoms (D:5)
  7 weeping skulls (Abyss:3)
  11 bullfrogs
  A gnoll sergeant (D:12)
  7 kobold brigands
  3 scorpions
  4 cane toad simulacra (Lair:5)
  17 wights
  A necrophage (Swamp:2)
  A spectral ogre (Orc:2)
  2 elephant simulacra (Lair:5)
  5 killer bees (D:9)
  An orc simulacrum (Orc:2)
  2 electric eels
  4 howler monkeys
  2 bombardier beetles (D:4)
  A quasit (Abyss:3)
  2 gnoll boudas (D:7)
  6 hounds
  34 orc priests
  An iron imp (Abyss:3)
  3 jellies
  Crazy Yiuf (D:2)
  4 spectral orcs (Orc:2)
  5 iguanas
  28 orc wizards
  5 hell rats (Lair:3)
  20 gnolls
  9 adders
  An ogre simulacrum (Orc:2)
  2 shadow imps
  4 white imps
  5 ufetubi
  5 swamp drake simulacra (Swamp:4)
  3 dart slugs
  5 ribbon worms
  108 orcs
  6 endoplasms
  2 giant cockroaches (D:3)
  8 goblins
  18 hobgoblins
  35 kobolds
  2 quokkas
  7 ball pythons
  2 bats
  5 frilled lizards
  6 rats
  2 starspawn tentacles (Abyss:3)
1604 creatures vanquished.

Vanquished Creatures (collateral kills)
  Mlioglotl (Swamp:1)
  A hell knight (Vaults:4)
2 creatures vanquished.

Vanquished Creatures (others)
  An ogre mage (Vaults:1)
  A bog body (Swamp:1)
  An unseen horror (Abyss:3)
  2 bloated husks
  2 swamp worms
  2 orc wizards
  7 starspawn tentacles (Abyss:3)
16 creatures vanquished.

Grand Total: 1622 creatures vanquished

Notes
Turn   | Place    | Note
-------+----------+-------------------------------------------
     0 | D:1      | Linnx the Draconian Shapeshifter began the quest for the
                  | Orb.
     0 | D:1      | Reached XP level 1. HP: 16/16 MP: 1/1
    86 | D:1      | Reached XP level 2. HP: 25/25 MP: 2/2
   843 | D:2      | Reached XP level 3. HP: 13/31 MP: 3/3
   942 | D:2      | Noticed Sigmund
   997 | D:2      | Reached skill level 4 in Unarmed Combat
  1020 | D:2      | Reached XP level 4. HP: 38/38 MP: 4/4
  1057 | D:2      | Found a runed translucent door.
  1058 | D:2      | Noticed Crazy Yiuf
  1367 | D:2      | Found Oheog's Magic Scroll Emporium.
  1375 | D:2      | Bought a scroll of teleportation for 36 gold pieces
  1375 | D:2      | Bought a scroll of identify for 24 gold pieces
  1538 | D:2      | Found a faded altar of an unknown god.
  1798 | D:2      | Found a shadowy altar of Dithmenos.
  2122 | D:2      | Killed Crazy Yiuf
  2123 | D:2      | Reached skill level 5 in Unarmed Combat
  2432 | D:3      | Reached XP level 5. HP: 31/45 MP: 5/5
  3551 | D:4      | Reached skill level 6 in Unarmed Combat
  3556 | D:4      | Reached skill level 1 in Stealth
  3556 | D:4      | Reached XP level 6. HP: 50/51 MP: 6/6
  3580 | D:4      | Noticed Grinder
  3602 | D:4      | Paralysed by Grinder for 3 turns
  3610 | D:4      | Paralysed by Grinder for 3 turns
  3616 | D:4      | Killed Grinder
  3617 | D:4      | Your scales start taking on a fiery red colour.
  3617 | D:4      | Reached XP level 7. HP: 52/60 MP: 7/7
  3617 | D:4      | Gained mutation: Your flesh is heat resistant. (rF+) [Red
                  | Draconian growth]
  3629 | D:4      | Found a staircase to the Ecumenical Temple.
  3638 | Temple   | Entered the Ecumenical Temple
  3750 | Temple   | Became a worshipper of Qazlal Stormbringer
  3772 | D:4      | Reached skill level 5 in Fighting
  3997 | D:4      | Reached skill level 5 in Shapeshifting
  4303 | D:4      | Found an ancient bone altar of Kikubaaqudgha.
  4524 | D:5      | Entered Level 5 of the Dungeon
  4537 | D:5      | Reached XP level 8. HP: 68/68 MP: 8/8
  4551 | D:5      | Found a transporter.
  4803 | D:5      | Found an ornate altar of the Wu Jian Council.
  4875 | D:5      | Found a transporter.
  4896 | D:5      | Reached * piety under Qazlal
  5027 | D:5      | Reached skill level 7 in Unarmed Combat
  5609 | D:6      | Reached skill level 8 in Unarmed Combat
  5609 | D:6      | Reached skill level 1 in Invocations
  5687 | D:6      | Reached XP level 9. HP: 69/74 MP: 11/11
  6097 | D:6      | Found a white marble altar of Elyvilon.
  6197 | D:6      | Reached ** piety under Qazlal
  6511 | D:6      | Found a snail-covered altar of Cheibriados.
  6520 | D:6      | Found a burning altar of Makhleb.
  6733 | D:7      | Identified the +1 scale mail "Jewaanen" {rPois Str+3 SInv}
  6890 | D:7      | Found Jiadoj's Book Shoppe.
  7065 | D:7      | Reached skill level 10 in Shapeshifting
  7446 | D:2      | Killed Sigmund
  7469 | D:2      | Reached *** piety under Qazlal
  7583 | D:8      | Identified 2 scrolls of acquirement
  7583 | D:8      | Acquired 975 gold pieces
  7587 | D:7      | Acquired the +0 pair of gloves "Giogeaj" {rF+}
  7772 | D:8      | Found a runed translucent gate.
  7772 | D:8      | Found a runed translucent gate.
  7772 | D:8      | Found a runed translucent gate.
  7773 | D:8      | Noticed bronco's ghost (novice FoNe)
  7775 | D:8      | Found an opulent altar of Gozag.
  7775 | D:8      | Noticed a centaur warrior
  7775 | D:8      | Noticed a meliai
  7777 | D:8      | a meliai changed into a harpy
  7777 | D:8      | Noticed a harpy (shapeshifter)
  7778 | D:8      | a harpy changed into a queen bee
  7778 | D:8      | Noticed a queen bee (shapeshifter)
  7892 | D:8      | Reached XP level 10. HP: 73/83 MP: 12/12
  7935 | D:8      | Found a hazy altar of Hepliaklqana.
  8040 | D:8      | Reached skill level 5 in Invocations
  8326 | D:9      | Reached skill level 9 in Unarmed Combat
  8433 | D:9      | Noticed a two-headed ogre
  8442 | D:9      | Killed a two-headed ogre
  8443 | D:9      | Reached skill level 10 in Unarmed Combat
  8616 | D:9      | Found Uduemi Danni's Weapon Emporium.
  8631 | D:9      | Found a glowing golden altar of the Shining One.
  8673 | D:9      | Reached skill level 11 in Unarmed Combat
  8759 | D:9      | Found Lacsor's Antique Weapon Shoppe.
  8781 | D:9      | Reached **** piety under Qazlal
  9084 | D:10     | Entered Level 10 of the Dungeon
  9146 | D:10     | Found a runed translucent door.
  9150 | D:10     | Found the +10 tower shield of Ignorance {rN+ Int-4}
  9154 | D:10     | Noticed an orange crystal statue
  9154 | D:10     | Noticed an orange crystal statue
  9154 | D:10     | Noticed an orange crystal statue
  9154 | D:10     | Noticed an orange crystal statue
  9155 | D:10     | Noticed a two-headed ogre
  9229 | D:10     | Reached XP level 11. HP: 80/91 MP: 15/15
  9279 | D:10     | Found a broken altar of Ashenzari.
  9466 | D:10     | Noticed Erica
  9479 | D:10     | Killed Erica
  9501 | D:10     | Found a basalt altar of Yredelemnul.
  9501 | D:10     | Found a glowing silver altar of Zin.
  9576 | D:10     | Found a flagged portal.
  9587 | Bailey   | Entered a bailey
  9592 | Bailey   | Noticed an orc warlord
  9722 | Bailey   | Found a runed translucent gate.
  9725 | Bailey   | Found a runed translucent gate.
  9727 | Bailey   | Found a runed translucent gate.
  9881 | Bailey   | Killed an orc warlord
  9945 | Bailey   | Acquired a manual of Shapeshifting
 10018 | D:10     | Found a runed translucent door.
 10319 | D:10     | Reached skill level 1 in Shields
 10475 | D:11     | Reached skill level 5 in Shields
 10496 | D:11     | Found a radiant altar of Vehumet.
 10555 | D:11     | Noticed a two-headed ogre
 10562 | D:11     | Killed a two-headed ogre
 10641 | D:11     | Found a staircase to the Lair.
 10714 | D:11     | You fall into a shaft and drop 2 floors!
 10742 | D:13     | Noticed a white ugly thing
 10747 | D:13     | Killed a white ugly thing
 10861 | D:13     | Noticed an orc knight
 10861 | D:13     | Noticed an arcanist
 11080 | D:11     | Reached XP level 12. HP: 101/101 MP: 18/18
 11393 | D:12     | Noticed a two-headed ogre
 11406 | D:12     | Killed a two-headed ogre
 11427 | D:12     | Identified the +0 robe of Ytirash {^Drain +Inv Int+3}
 11538 | D:12     | Noticed Frances
 11556 | D:12     | Killed Frances
 11557 | D:12     | Reached skill level 10 in Shields
 11623 | D:12     | Reached ***** piety under Qazlal
 11632 | D:12     | Found a staircase to the Orcish Mines.
 11723 | D:12     | Reached skill level 10 in Fighting
 12148 | Lair:1   | Entered Level 1 of the Lair of Beasts
 12821 | Lair:2   | Reached XP level 13. HP: 113/113 MP: 19/19
 12984 | Lair:2   | Found a staircase to the Snake Pit.
 13184 | Lair:2   | Reached skill level 10 in Invocations
 13670 | Lair:3   | Noticed Amaemon
 13683 | Lair:3   | Killed Amaemon
 13820 | Lair:3   | Found a dark tunnel.
 13835 | Volcano  | Entered a volcano
 13887 | Volcano  | Found a bloodstained altar of Trog.
 13896 | Volcano  | Noticed a red draconian
 13910 | Volcano  | Killed a red draconian
 14396 | Lair:3   | Found a staircase to the Swamp.
 14769 | Lair:4   | Reached skill level 15 in Shields
 14769 | Lair:4   | Reached XP level 14. HP: 110/121 MP: 21/21
 14839 | Lair:4   | Found a staircase to the Slime Pits.
 15229 | Lair:4   | Reached skill level 12 in Unarmed Combat
 15770 | Orc:1    | Entered Level 1 of the Orcish Mines
 16000 | Orc:2    | Entered Level 2 of the Orcish Mines
 16017 | Orc:2    | Found a staircase to the Elven Halls.
 16157 | Orc:2    | Reached skill level 13 in Unarmed Combat
 16239 | Orc:2    | Reached ****** piety under Qazlal
 16274 | Orc:2    | Found Yced Ligg's Book Shop.
 16274 | Orc:2    | Found Cofocion's Weapon Shop.
 16275 | Orc:2    | Found Ryzimuf's Assorted Antiques.
 16279 | Orc:2    | Found Fyji's Antique Weapon Boutique.
 16292 | Orc:2    | Noticed Jorgrun
 16315 | Orc:2    | Killed Jorgrun
 16359 | Orc:2    | Bought a scroll labelled SOGRU LUARIDA for 35 gold pieces
 16359 | Orc:2    | Bought a scroll labelled HALARU OLILAQ for 35 gold pieces
 16359 | Orc:2    | Bought a scroll of teleportation for 105 gold pieces
 16359 | Orc:2    | Bought a scroll of identify for 70 gold pieces
 16424 | Orc:2    | Found a runed translucent gate.
 16424 | Orc:2    | Found a runed translucent gate.
 16424 | Orc:2    | Found a runed translucent gate.
 16425 | Orc:2    | Noticed lordive's ghost (journeyman MiMo)
 16500 | Orc:2    | Killed lordive's ghost
 17175 | Orc:1    | Found a runed translucent gate.
 17175 | Orc:1    | Found a runed translucent gate.
 17175 | Orc:1    | Found a runed translucent gate.
 17176 | Orc:1    | Identified the +2 chain mail of Kindness {Str+4}
 17180 | Orc:1    | Noticed LoggersVIII's ghost (journeyman OpEE)
 17238 | Orc:1    | Killed LoggersVIII's ghost
 17560 | D:8      | Killed bronco's ghost
 17561 | D:8      | Reached skill level 14 in Unarmed Combat
 17748 | Lair:5   | Entered Level 5 of the Lair of Beasts
 17821 | Lair:5   | Reached XP level 15. HP: 112/126 MP: 24/24
 17882 | Lair:5   | Reached skill level 15 in Unarmed Combat
 18070 | Lair:5   | Found the +1 robe of Vines {NoPotionHeal Regen++++}
 18586 | Lair:5   | Reached skill level 16 in Unarmed Combat
 18748 | Lair:5   | Got the Omnibus of the Legion
 19180 | Lair:5   | Identified the amulet of Fyluo {-Cast *Corrode rPois rC+++
                  | Regen+}
 19347 | Swamp:1  | Entered Level 1 of the Swamp
 19937 | Swamp:2  | Noticed Mlioglotl
 19954 | Swamp:2  | Paralysed by accursed screaming for 1 turns
 19955 | Swamp:2  | Noticed a tentacled starspawn
 19967 | Swamp:1  | Killed Mlioglotl
 20421 | D:2      | Bought a scroll of fog for 48 gold pieces
 20421 | D:2      | Bought a scroll of identify for 24 gold pieces
 21178 | Swamp:2  | Reached XP level 16. HP: 103/139 MP: 25/25
 21320 | Swamp:3  | Noticed a tentacled monstrosity
 21331 | Swamp:3  | Killed a tentacled monstrosity
 21821 | Swamp:4  | Entered Level 4 of the Swamp
 21837 | Swamp:4  | Noticed a thorn hunter
 21848 | Swamp:4  | Killed a thorn hunter
 22037 | Swamp:4  | Reached skill level 1 in Evocations
 22139 | Swamp:4  | Got a decaying rune of Zot
 22297 | Swamp:4  | Reached skill level 5 in Evocations
 22704 | Snake:1  | Entered Level 1 of the Snake Pit
 23313 | Snake:1  | Identified the +0 chain mail of the Usurping Gods {Rampage
                  | rN+ rCorr}
 23600 | Snake:1  | Acquired the ring "Fety" {Fly rElec rCorr Dex+3}
 24639 | Snake:3  | Noticed Saint Roka
 24651 | Snake:3  | Reached XP level 17. HP: 108/146 MP: 14/27
 24657 | Snake:3  | Reached skill level 10 in Evocations
 24809 | Snake:3  | Killed Saint Roka
 25273 | Snake:3  | Found Roguari's Magic Scroll Emporium.
 25273 | Snake:3  | Found Iwizass's Jewellery Shoppe.
 25275 | Snake:3  | Found Rorgh's Antique Weapon Shoppe.
 25279 | Snake:3  | Found Hygeusm's Armour Emporium.
 25319 | Snake:3  | Bought a scroll of silence for 114 gold pieces
 25319 | Snake:3  | Bought a scroll of blinking for 90 gold pieces
 25324 | Snake:3  | Bought the +3 crown of Dyrovepreva {rElec Int+2 SInv} for
                  | 455 gold pieces
 25324 | Snake:3  | Found the +3 crown of Dyrovepreva {rElec Int+2 SInv}
 25580 | Snake:4  | Entered Level 4 of the Snake Pit
 25597 | Snake:4  | Identified the serpent talisman of the Desert {rC- rCorr
                  | Stlth+}
 25597 | Snake:4  | Noticed Aizul
 25622 | Snake:4  | Killed Aizul
 25669 | Snake:4  | Reached skill level 15 in Invocations
 25838 | Snake:4  | Got a serpentine rune of Zot
 25969 | Snake:4  | Found Zaejimeit's General Store.
 25977 | Snake:4  | Bought a potion of mutation for 152 gold pieces
 25993 | Snake:4  | Reached skill level 15 in Fighting
 26124 | Snake:4  | Found Muce's Assorted Antiques.
 26144 | Snake:4  | Bought a potion of curing for 135 gold pieces
 26450 | Snake:4  | Found Ozaocy's Book Boutique.
 26468 | Snake:4  | Found a transporter.
 26483 | Snake:4  | Found a bloodstained altar of Trog.
 26491 | Snake:4  | Noticed Derpydoo's ghost (adept MiHu)
 26491 | Snake:4  | Found a transporter.
 26571 | Snake:4  | Killed Derpydoo's ghost
 26924 | D:13     | Upgraded the game from 0.31.0-12-g77e489cdc1 to
                  | 0.31.0-32-g396128a36d
 27065 | D:13     | Found a gate to the Vaults.
 27089 | D:13     | Reached skill level 17 in Unarmed Combat
 27485 | D:14     | Reached XP level 18. HP: 163/164 MP: 29/29
 27939 | D:15     | Entered Level 15 of the Dungeon
 28097 | D:15     | Found a runed translucent door.
 28100 | D:15     | Noticed Purphixowk's ghost (journeyman DsGl)
 28102 | D:15     | Identified the +0 trident of the Vase {pain, rC+ Dex+5}
 28151 | D:15     | Killed Purphixowk's ghost
 28288 | D:15     | Found a staircase to the Depths.
 28759 | Elf:1    | Entered Level 1 of the Elven Halls
 28813 | Elf:1    | Reached skill level 18 in Unarmed Combat
 29279 | Elf:1    | Found Cuedgh's Antique Armour Emporium.
 29629 | Elf:2    | Found Kaemap's Magic Scroll Shoppe.
 29649 | Elf:2    | Reached skill level 19 in Unarmed Combat
 29687 | Elf:2    | Found Pilus's Armour Shop.
 29723 | Elf:2    | Found Goqamet's Armour Emporium.
 29802 | Elf:2    | Found Jiheub's Antique Armour Emporium.
 29817 | Elf:2    | Bought an ancient cloak for 304 gold pieces
 29817 | Elf:2    | Identified the +0 cloak of Action {rF+ rCorr} (You bought
                  | it in a shop on level 2 of the Elven Halls)
 29852 | Elf:2    | Found Poreotoaso's General Store.
 30010 | Elf:2    | Found a runed translucent gate.
 30010 | Elf:2    | Found a runed translucent gate.
 30011 | Elf:2    | Found a runed translucent gate.
 30358 | Elf:2    | Reached skill level 20 in Unarmed Combat
 30669 | Vaults:1 | Entered Level 1 of the Vaults
 30768 | Vaults:1 | Reached XP level 19. HP: 172/172 MP: 30/30
 31180 | Vaults:1 | Reached skill level 21 in Unarmed Combat
 31464 | Vaults:1 | Found the +8 storm bow {elec, penet}
 31566 | Vaults:1 | Reached skill level 22 in Unarmed Combat
 32266 | Vaults:2 | Noticed Norris
 32303 | Vaults:2 | Killed Norris
 32446 | Vaults:2 | Reached XP level 20. HP: 187/187 MP: 31/31
 32963 | Vaults:2 | Found Tafaw's General Store.
 33754 | Vaults:3 | Found a staircase to the Crypt.
 33903 | Vaults:3 | Reached skill level 15 in Shapeshifting
 34529 | Vaults:4 | Noticed Margery
 34545 | Vaults:4 | Killed Margery
 35021 | Vaults:4 | Identified the +1 arbalest of Foolhardiness {penet, Dex+2}
 35025 | Vaults:4 | Identified the +9 arbalest of the Bruised Cities {heavy,
                  | rF+ Str+3}
 35313 | Vaults:5 | Entered Level 5 of the Vaults
 35323 | Abyss:3  | Cast into level 3 of the Abyss (vault guard)
 35417 | Abyss:3  | Found a corrupted altar of Lugonu.
 35470 | Abyss:3  | Reached XP level 21. HP: 195/195 MP: 32/32
 35565 | Abyss:3  | Found a corrupted altar of Lugonu.
 35585 | Abyss:3  | Found a corrupted altar of Lugonu.
 35840 | Abyss:3  | Noticed an ancient lich
 35887 | Abyss:3  | Got an abyssal rune of Zot
 35901 | Vaults:5 | Escaped the Abyss
 35907 | Vaults:5 | Noticed an ancient lich
 35911 | Vaults:5 | Demolished by a vault warden

Illustrated notes

Levels and vault maps discovered:
D:1:      evilmike_arrival_rings, layout_basic
D:2:      kennysheep_six_static_rooms, layout_loops_ring,
          nicolae_ecumenical_lake_church, basic_altar, serial_shops, shop,
          minmay_misc_feat_ornament, grunt_ministairs_8,
          uniq_crazy_yiuf_cottage, uniq_sigmund
D:3:      layout_basic, serial_corexii_hall, chequers_hall_statues_corner_a,
          corexii_hall_statues_l, corexii_hall_statues_i, corexii_hall_statues_i
D:4:      layout_cave_pools, marbit_many_paths, minmay_temple_entry_nine_rooms,
          minmay_checkerbox, uniq_grinder
D:5:      gammafunk_wand_slinger, layout_loops_ring, lemuel_crystal_altar,
          grunt_ministairs_1
D:6:      layout_basic, kennysheep_mini, mainiacjoe_overflow_swirl, sigmund_army
D:7:      layout_basic, serial_shops, shop, nicolae_grassy_gnolls
D:8:      layout_loops_ring, nzn_hepliaklqana_mist_gate, ebering_ghost_gozag
D:9:      layout_irregular_city, mainiacjoe_overflow_tiny_flanked, serial_shops,
          shop, shop
D:10:     layout_irregular_city, ashenzari_conservatory_becter,
          nicolae_overflow_hidden_temple, gammafunk_temple_overflow_wave,
          enter_bailey_7, chequers_guarded_unrand_ignorance, uniq_erica
D:11:     layout_gridville, minmay_lair_entry_grove, kennysheep_path_1,
          nicolae_vehumet_radiance
D:12:     layout_long_grid, kennysheep_orc_monster_closet_entryway, uniq_frances
D:13:     layout_rooms, david_vaults_1, hangedman_decor_riveting,
          kennysheep_generic_room_16
D:14:     layout_roguey, serial_park_gazebo [serial_park_minivault_5x5_1]
D:15:     gammafunk_enter_depths_forms, layout_basic,
          ebering_ghost_funeral_grove
Temple:   bh_familiar_temple
Lair:1:   layout_regular_city, beast_lair_carwin_8
Lair:2:   layout_roguey, nicolae_snake_entry_squirm
Lair:3:   layout_cave_pods, swamp_mist, nicolae_volcano_entry_lava_flow,
          uniq_amaemon
Lair:4:   layout_loops_ring, slime_entry_1, nzn_sisyphean_effort
Lair:5:   due_jungle_book, layout_loops_ring, hellmonk_guarded_unrand_vines
Swamp:1:  layout_basic_swamp, evilmike_swamp_ruin_house_2, swamp_pool_1_2,
          infiniplex_staircase_pool
Swamp:2:  layout_falls_marsh, evilmike_swamp_ruin_rubble_1, uniq_mlioglotl
Swamp:3:  layout_falls_marsh, hangedman_swamp_blocks
Swamp:4:  swamp_icy, layout_basic_swamp, nicolae_swamp_long_stream
Snake:1:  layout_layer_cave, nicolae_snake_gridmaze_entwining
Snake:2:  layout_cave_pods
Snake:3:  layout_onion, minmay_shoptagon, uniq_saint_roka
Snake:4:  snake_pit, layout_basic, gammafunk_ghost_wrathful_warriors,
          serial_shops, shop, shop, nicolae_shop_waterfront,
          serial_bayou_pond_e, uniq_aizul
Orc:1:    layout_caves, biasface_ghost_orc_armoury
Orc:2:    st_orc_mages, layout_diamond_mine, gammafunk_ghost_necromancy,
          uniq_jorgrun
Elf:1:    minmay_elf_arrival_circle, layout_geoelf_octagon, serial_shops, shop,
          minivault_28
Elf:2:    elven_hall_of_blades_hangedman_original [nooodl_blade_entry_preview],
          layout_loops_ring, serial_shops, shop,
          nicolae_shop_just_a_little_nook, shop, nicolae_shop_stone,
          nicolae_shop_tiny_waterfront
Vaults:1: nicolae_vaults_doubleplus_tesselated, nicolae_vaults_circle_grid_b,
          nicolae_vaults_network_barrier,
          minmay_guarded_unrand_secular_launcher, grunt_vaults_hallway_long,
          v_pattern_3, ontoclasm_vaults_ring_small,
          nicolae_vaults_trapezoid_layered, nicolae_vaults_border_crossing,
          hangedman_vaults_stretched_pinwheel, hangedman_vaults_nails,
          ontoclasm_vaults_ligature, layout_vaults_ring
Vaults:2: nicolae_vaults_offset_grid_hallway_3, nicolae_vaults_big_ls,
          nicolae_vaults_swerve, hangedman_vaults_cutoff, v_alt_pattern_4,
          nicolae_vaults_closet_pinwheel_1, nicolae_vaults_closet_pinwheel_4,
          st_more_cells, nicolae_vaults_offset_grid_hallway_2,
          vaults_room_pools, v_rooms_4, nicolae_vaults_wine_cellar,
          layout_vaults_omnibox, serial_shops, shop, uniq_norris
Vaults:3: nicolae_vaults_asterisk, v_alt_pattern_3, v_misc_28,
          hangedman_vaults_locks, ontoclasm_vaults_shout,
          nicolae_vaults_trapezoid_lopsided_4, v_misc_28,
          nicolae_vaults_diamond_2, layout_vaults_quadrants, dummy_crypt_entry
Vaults:4: v_rooms_2, nicolae_vaults_storage_closets_1,
          nicolae_vaults_trapezoid_lopsided_2, vaults_mumra_hex, v_misc_24,
          nicolae_vaults_yaktaur_gun_rack, vaults_dpeg_spiral,
          vaults_room_large_hall, hangedman_vaults_stretched_pinwheel,
          ontoclasm_vaults_decontamination, layout_vaults_maze_snakey,
          uniq_margery
Vaults:5

Skill      XL: |  1  2  3  4  5  6  7  8  9 10 11 12 13 14 15 16 17 18 19 20 21 |
---------------+----------------------------------------------------------------+-----
Fighting       | 2 3 4 5 6 8 10 12 15 16 18 20 | 20.0
Unarmed Combat | 4 5 6 8 11 14 16 17 20 22 | 22.0
Stealth        | 1 2 |  2.0
Shapeshifting  | 4 6 7 10 17 | 17.4
Invocations    | 3 6 8 9 10 12 13 14 15 | 15.0
Shields        | 8 11 15 16 | 16.0
Dodging        | 3 4 |  4.0
Evocations     | 9 10 | 10.0

Action                     |  1- 3 |  4- 6 |  7- 9 | 10-12 | 13-15 | 16-18 | 19-21 || total
---------------------------+-------+-------+-------+-------+-------+-------+-------++-------
  Melee: Unarmed           |    74 |   199 |   401 |   593 |  1179 |  1310 |  1142 ||  4898
         Punch             |     2 |     2 |    25 |    31 |       |       |       ||    60
         Tailslap          |     8 |    25 |    45 |   100 |   223 |   231 |   244 ||   876
         Maw               |       |       |    10 |   209 |   512 |   470 |   467 ||  1668
  Throw: Stone             |     9 |       |       |       |       |       |       ||     9
         Boomerang         |     2 |       |     1 |       |       |       |       ||     3
         Dart              |       |       |       |    36 |     8 |     1 |       ||    45
 Invoke: Upheaval          |       |       |       |     4 |     5 |     3 |       ||    12
         Disaster Area     |       |       |       |       |     6 |     4 |     4 ||    14
         Elemental Force   |       |       |       |       |     1 |       |       ||     1
Ability: Breathe Fire      |       |       |    25 |     8 |     4 |    26 |       ||    63
  Evoke: Phantom mirror    |       |       |       |       |       |     2 |     2 ||     4
         Lightning rod     |       |       |       |       |       |     2 |     3 ||     5
    Use: Potion            |       |     3 |     1 |       |     2 |     6 |     2 ||    14
         Scroll            |       |     1 |     9 |    11 |    12 |     5 |     1 ||    39
   Stab: Sleeping          |       |     1 |       |       |       |       |       ||     1
         Distracted        |       |       |     1 |       |       |     1 |     1 ||     3
         Petrified         |       |       |       |       |     5 |       |       ||     5
 Armour: Skin              |    17 |   110 |   180 |   211 |   351 |   286 |   397 ||  1552
  Dodge: Dodged            |    34 |    61 |   215 |   271 |   176 |   150 |   158 ||  1065
         Repelled          |       |       |       |     2 |     4 |    25 |     4 ||    35
  Block: Other             |       |    32 |    44 |    81 |       |       |       ||   157
         Tower shield      |       |       |       |   136 |  1643 |  1795 |  1332 ||  4906
   Form: Beast             |     2 |     1 |     1 |       |       |       |       ||     4
                           |     1 |     1 |     2 |       |       |       |     3 ||     7
         Maw               |       |       |     1 |       |       |       |     3 ||     4
